 Dungeon Crawl Stone Soup version 0.30-a0-222-ge547ba4400 (webtiles) character file.

Game seed: 5541793932881514334

1476 qw the Blocker (level 8, -10/50 HPs)
             Began as a Gargoyle Fighter on Oct 8, 2022.
             Mangled by an ogre
             ... wielding a +0 giant spiked club
              (26 damage)
             ... on level 6 of the Dungeon.
             The game lasted 00:01:51 (4484 turns).

qw the Blocker (Gargoyle Fighter)                   Turns: 4484, Time: 00:01:52

Health: -10/50     AC: 14    Str: 22    XL:     8   Next: 78%
Magic:  8/8        EV:  5    Int:  9    God:
Gold:   42         SH: 14    Dex:  9    Spells: 7/7 levels left

rFire   . . .      SeeInvis .    Y - +0 war axe (flame)
rCold   . . .      Faith    .    g - +0 tower shield
rNeg    + . .      Spirit   .    h - +0 chain mail
rPois   inf        Reflect  .    (no helmet)
rElec   +          Harm     .    (no cloak)
rCorr   .          Rampage  .    (no gloves)
Will    .....                    (no boots)
Stlth   ..........               (no amulet)
HPRegen 0.28/turn                (no ring)
MPRegen 0.11/turn                (no ring)

@: no status effects
A: sickness immunity, AC +5, negative energy resistance 1, electricity
resistance, torment resistance 1, petrification resistance
a: no special abilities


You were on level 6 of the Dungeon.
You visited 1 branch of the dungeon, and saw 6 of its levels.

You collected 207 gold pieces.
You spent 165 gold pieces at shops.


Innate Abilities, Weirdness & Mutations

You are immune to sickness and miasma.
Your stone body is resilient. (AC +5)
You are immune to poison.
You resist negative energy. (rN+)
You are resistant to electric shocks. (rElec)
You are resistant to unholy torment.
You are immune to petrification.


   Skills:
 - Level 5.6 Fighting
 + Level 5.6 Axes
 - Level 3.2 Armour
 - Level 0.5 Dodging
 - Level 9.0 Shields


You had 7 spell levels left.
You didn't know any spells.
Your spell library was empty.

Inventory:

Hand Weapons
 Y - a +0 war axe of flaming (weapon)
Missiles
 k - 3 boomerangs (quivered)
Armour
 g - a +0 tower shield (worn)
 h - a +0 chain mail (worn)
Scrolls
 a - 3 scrolls of identify
Potions
 b - a potion of mutation
 c - a potion of heal wounds
 d - a potion of might
 e - 4 potions of curing
 i - a potion of lignification

Dungeon Overview and Level Annotations

Branches:
Dungeon (6/15)
 Temple: D:4-7

Altars:
Nemelex Xobeh
Uskayaw
Yredelemnul

Shops:
D:5 !

Annotations:
D:3 1 runed translucent door, Crazy Yiuf


Message History

You block the iguana's attack. The iguana barely misses you.
You block the orc's attack.
An orc comes into view. It is wielding a +0 dagger.
You slash the iguana! You burn the iguana.
You kill the iguana!
You closely miss the orc. You miss the orc wizard. You completely miss the orc.
You barely miss the orc. You slash the orc! You burn the orc.
You kill the orc!
You block the orc's attack. The orc barely misses you.
The orc wizard mumbles some strange words.
The orc wizard flickers and vanishes!
Deactivating autopickup; reactivate with Ctrl-A.
The orc hits you but does no damage. You block the orc priest's attack.
Something hits you but does no damage. The orc hits you but does no damage.
You slash the orc priest! You burn the orc priest.
The orc priest is severely wounded.
You completely miss the orc. You closely miss something.
You closely miss the orc. The orc hits you but does no damage.
You block the orc priest's attack.
You hear some strange, mumbled words.
A puff of flame appears from out of thin air!
You block the puff of flame.
You slash the orc priest! You burn the orc priest.
You kill the orc priest!
You barely miss the orc. You slash the orc! You burn the orc.
You kill the orc!
You closely miss something. The orc hits you with a +0 dagger.
Something hits you but does no damage. You block the orc's attack.
The orc hits you with a +0 dagger. You block the orc's attack.
Something hits you but does no damage.
You slash the ogre! You burn the ogre.
The ogre is heavily wounded.
You miss something. You barely miss the orc. You closely miss the orc.
You barely miss the orc. The orc hits you but does no damage.
You block the orc's attack. You block something's attack.
The ogre hits you with a +0 giant spiked club!!
Ouch! That really hurt!
You die...

#.# .#... ##.##....#.
......#... ##.........
#.. ..
###..............
...O#.....#..# ....##>
.o.o..).o..## ......
#ooO..####..... .
#.#@o...#....# ..
#.#{#[.......#####...
#.#.##........#.......
#.#:# #............# .
#.#:#
#..........###...
#.#.#
#........#.<..... .#.#
#........##...##.. .#
#..##.#........# ..#
######..####


You could see an ogre and 4 orcs.

Vanquished Creatures
  Grinder (D:3)
  An ogre (D:6)
  A centaur (D:6)
  2 phantoms
  A necrophage (D:4)
  A gnoll sergeant (D:5)
  A scorpion (D:5)
  4 killer bees (D:4)
  3 hounds
  2 orc priests
  A jelly (D:5)
  Jessica (D:2)
  Ijyb (D:3)
  Terence (D:2)
  4 iguanas
  An orc wizard (D:5)
  6 adders
  9 gnolls
  A shadow imp (D:5)
  2 white imps (D:5)
  2 worms (D:2)
  6 dart slugs
  10 orcs
  7 endoplasms
  5 goblins
  A hobgoblin (D:1)
  5 jackals
  2 quokkas (D:1)
  7 ball pythons
  5 bats
  2 frilled lizards
  5 kobolds
  3 rats
104 creatures vanquished.

Vanquished Creatures (others)
  2 demonic plants (D:1)
2 creatures vanquished.

Grand Total: 106 creatures vanquished

Notes
Turn   | Place    | Note
-------+----------+-------------------------------------------
     0 | D:1      | qw the Gargoyle Fighter began the quest for the Orb.
     0 | D:1      | Reached XP level 1. HP: 14/14 MP: 1/1
     0 | D:1      | 0 ||| qw: Version: 0.2-a-17-g06abaee
     0 | D:1      | 0 ||| qw: Game counter: 2044
     0 | D:1      | 0 ||| qw: Always use a shield: true
     0 | D:1      | 0 ||| qw: God list: Okawaru
     0 | D:1      | 0 ||| qw: Allow faded altars: false
     0 | D:1      | 0 ||| qw: Do Orc after D:15 true
     0 | D:1      | 0 ||| qw: Do second Lair branch before Depths: true
     0 | D:1      | 0 ||| qw: Lair rune preference: random
     0 | D:1      | 0 ||| qw: Plans: Normal, Zot:1-4, God:TSO, Crypt, Tomb,
                  | Pan, Slime:5, Hells, Abyss, Orb
     0 | D:1      | 0 ||| PLANNING D:1-11
    23 | D:1      | 23 ||| Stepping ~*~*~tactically~*~*~ (hiding).
   189 | D:1      | Reached XP level 2. HP: 19/19 MP: 2/2
   216 | D:1      | 216 ||| Stepping ~*~*~tactically~*~*~ (stealth).
   228 | D:1      | 228 ||| Stepping ~*~*~tactically~*~*~ (stealth).
   280 | D:1      | 280 ||| Stepping ~*~*~tactically~*~*~ (stealth).
   300 | D:1      | 300 ||| Stepping ~*~*~tactically~*~*~ (hiding).
   301 | D:1      | 301 ||| Stepping ~*~*~tactically~*~*~ (hiding).
   309 | D:1      | Reached skill level 3 in Axes
   311 | D:1      | Reached XP level 3. HP: 20/23 MP: 3/3
   327 | D:1      | 327 ||| Stepping ~*~*~tactically~*~*~ (stealth).
   337 | D:1      | 337 ||| Stepping ~*~*~tactically~*~*~ (stealth).
   366 | D:1      | Found a faded altar of an unknown god.
   366 | D:1      | Noticed a neqoxec
   479 | D:1      | 479 ||| Stepping ~*~*~tactically~*~*~ (stealth).
   481 | D:1      | 481 ||| Stepping ~*~*~tactically~*~*~ (stealth).
   493 | D:1      | 493 ||| Stepping ~*~*~tactically~*~*~ (stealth).
   494 | D:1      | 494 ||| Stepping ~*~*~tactically~*~*~ (stealth).
   495 | D:1      | 495 ||| Stepping ~*~*~tactically~*~*~ (stealth).
   500 | D:1      | 500 ||| Stepping ~*~*~tactically~*~*~ (stealth).
   501 | D:1      | 501 ||| Stepping ~*~*~tactically~*~*~ (stealth).
   502 | D:1      | 502 ||| Stepping ~*~*~tactically~*~*~ (stealth).
   563 | D:1      | 563 ||| DROPPING +0 club.
   741 | D:1      | 741 ||| READING scroll labelled DISERICS GIXER.
   742 | D:1      | 742 ||| READING 2 scrolls labelled FAUBURO GAETYT.
   747 | D:1      | 747 ||| READING scroll labelled QIWKUBOUMI.
   748 | D:1      | 748 ||| READING scroll labelled UCYRPH PECHABY.
   749 | D:1      | 749 ||| READING scroll labelled EWODOC PUGOA.
   929 | D:2      | Reached XP level 4. HP: 26/28 MP: 4/4
   988 | D:2      | Noticed Terence
  1002 | D:2      | HP: 6/28 [Terence/+0 flail (6)]
  1003 | D:2      | 1003 ||| READING scroll of teleportation.
  1280 | D:2      | Killed Terence
  1283 | D:2      | 1283 ||| DROPPING +0 whip.
  1310 | D:2      | Noticed Jessica
  1315 | D:2      | Killed Jessica
  1316 | D:2      | Reached XP level 5. HP: 32/32 MP: 5/5
  1545 | D:2      | 1545 ||| DROPPING amulet of faith.
  1546 | D:2      | 1546 ||| READING scroll labelled VEEDIE GOURR.
  1547 | D:2      | 1547 ||| READING 2 scrolls of identify.
  1547 | D:2      | 1547 ||| IDENTIFYING dark potion
  1589 | D:3      | HP: 6/32 [gnoll/+0 spear (6)]
  1731 | D:3      | 1731 ||| Stepping ~*~*~tactically~*~*~ (stealth).
  1743 | D:3      | Noticed Grinder
  1743 | D:3      | Noticed Ijyb
  1753 | D:3      | Killed Ijyb
  1758 | D:3      | Killed Grinder
  1759 | D:3      | Reached XP level 6. HP: 30/40 MP: 6/6
  1850 | D:3      | Found a runed translucent door.
  1851 | D:3      | Noticed Crazy Yiuf
  1913 | D:3      | 1913 ||| Stepping ~*~*~tactically~*~*~ (stealth).
  1917 | D:3      | 1917 ||| Stepping ~*~*~tactically~*~*~ (stealth).
  1988 | D:3      | 1988 ||| READING scroll of brand weapon.
  1988 | D:3      | 1988 ||| BRANDING +0 war axe of freezing.
  1989 | D:3      | 1989 ||| DROPPING +0 flail.
  2194 | D:3      | 2194 ||| UPGRADING to +0 tower shield.
  2204 | D:3      | 2204 ||| DROPPING +0 buckler.
  2205 | D:3      | 2205 ||| UPGRADING to +0 chain mail.
  2215 | D:3      | 2215 ||| DROPPING +0 scale mail.
  2216 | D:3      | 2216 ||| READING 3 scrolls of identify.
  2216 | D:3      | 2216 ||| IDENTIFYING pink potion
  2217 | D:3      | 2217 ||| DROPPING potion of berserk rage.
  2245 | D:4      | 2245 ||| Stepping ~*~*~tactically~*~*~ (stealth).
  2258 | D:4      | Reached XP level 7. HP: 31/44 MP: 7/7
  2265 | D:4      | Reached skill level 4 in Shields
  2388 | D:4      | 2388 ||| Stepping ~*~*~tactically~*~*~ (hiding).
  2539 | D:4      | HP: 6/44 [killer bee (7)]
  2544 | D:4      | Reached skill level 5 in Shields
  2556 | D:4      | 2556 ||| FLEEEEING.
  2557 | D:4      | 2557 ||| FLEEEEING.
  2558 | D:4      | 2558 ||| FLEEEEING.
  2568 | D:4      | 2568 ||| FLEEEEING.
  2569 | D:4      | 2569 ||| FLEEEEING.
  2570 | D:4      | 2570 ||| FLEEEEING.
  2577 | D:4      | 2577 ||| FLEEEEING.
  2578 | D:4      | 2578 ||| FLEEEEING.
  2592 | D:4      | 2592 ||| FLEEEEING.
  2595 | D:4      | 2595 ||| FLEEEEING.
  2596 | D:4      | 2596 ||| FLEEEEING.
  2597 | D:4      | 2597 ||| FLEEEEING.
  2598 | D:4      | 2598 ||| FLEEEEING.
  2599 | D:4      | 2599 ||| STAIRDANCE
  2707 | D:3      | 2707 ||| READING scroll labelled HYOSUI PYFYOM.
  2708 | D:3      | 2708 ||| READING 3 scrolls of identify.
  2708 | D:3      | 2708 ||| IDENTIFYING smoky pink potion
  2734 | D:4      | 2734 ||| STAIRDANCE
  2802 | D:4      | Found a sparkling altar of Nemelex Xobeh.
  2917 | D:4      | 2917 ||| Stepping ~*~*~tactically~*~*~ (stealth).
  3173 | D:4      | 3173 ||| READING scroll labelled BENGAR JUPLIMOB.
  3193 | D:5      | Entered Level 5 of the Dungeon
  3209 | D:5      | Found a basalt altar of Yredelemnul.
  3232 | D:5      | 3232 ||| Stepping ~*~*~tactically~*~*~ (hiding).
  3233 | D:5      | 3233 ||| Stepping ~*~*~tactically~*~*~ (hiding).
  3234 | D:5      | 3234 ||| Stepping ~*~*~tactically~*~*~ (hiding).
  3235 | D:5      | 3235 ||| Stepping ~*~*~tactically~*~*~ (hiding).
  3236 | D:5      | 3236 ||| Stepping ~*~*~tactically~*~*~ (hiding).
  3237 | D:5      | 3237 ||| Stepping ~*~*~tactically~*~*~ (hiding).
  3263 | D:5      | Reached skill level 6 in Shields
  3470 | D:5      | Found Ferchuc's Distillery.
  3476 | D:5      | 3476 ||| BUYING potion of curing (45 gold).
  3476 | D:5      | Bought a potion of curing for 45 gold pieces
  3476 | D:5      | 3476 ||| BUYING potion of curing (45 gold).
  3476 | D:5      | Bought a potion of curing for 45 gold pieces
  3476 | D:5      | 3476 ||| BUYING potion of heal wounds (75 gold).
  3476 | D:5      | Bought a potion of heal wounds for 75 gold pieces
  3476 | D:5      | 3476 ||| SHOPLISTING potion of lignification (45 gold, have
                  | 1).
  3506 | D:5      | Reached XP level 8. HP: 50/50 MP: 8/8
  3550 | D:5      | Reached skill level 7 in Shields
  3553 | D:5      | 3553 ||| FLEEEEING.
  3571 | D:5      | 3571 ||| Stepping ~*~*~tactically~*~*~ (hiding).
  3728 | D:5      | 3728 ||| Stepping ~*~*~tactically~*~*~ (hiding).
  3884 | D:5      | 3884 ||| Stepping ~*~*~tactically~*~*~ (hiding).
  4001 | D:5      | Reached skill level 8 in Shields
  4397 | D:5      | Found a hide-covered altar of Uskayaw.
  4422 | D:5      | 4422 ||| READING scroll labelled JANKOM BABAY.
  4423 | D:5      | 4423 ||| READING 5 scrolls of identify.
  4423 | D:5      | 4423 ||| IDENTIFYING bubbling red potion
  4424 | D:5      | 4424 ||| READING 4 scrolls of identify.
  4424 | D:5      | 4424 ||| IDENTIFYING gluggy clear potion
  4425 | D:5      | 4425 ||| DROPPING potion of flight.
  4463 | D:6      | 4463 ||| Stepping ~*~*~tactically~*~*~ (stealth).
  4471 | D:6      | Reached skill level 9 in Shields
  4477 | D:6      | 4477 ||| Stepping ~*~*~tactically~*~*~ (hiding).
  4484 | D:6      | Mangled by an ogre

Levels and vault maps discovered:
D:1:      giann_forest_graveyard, layout_rooms,
          dreamdust_ecumenical_altar_sealed_demon, serial_bayou_pond_d,
          chequers_garden, chequers_serial_rivers_small_a
D:2:      layout_basic, uniq_jessica, uniq_terence
D:3:      layout_basic, kennysheep_generic_room_6, uniq_grinder,
          uniq_crazy_yiuf_cottage, uniq_ijyb
D:4:      layout_basic, kennysheep_mini_moat,
          nicolae_concentric_dashed_squares_wild
D:5:      layout_basic, lemuel_tele_altar, nicolae_uskayaw_suspiria,
          serial_shops, kennysheep_little_box, minmay_increasing_density
D:6:      layout_cave_pools, nicolae_overflow_hidden_temple,
          mainiacjoe_overflow_small_starburst, kb_lookout_dungeons_type,
          minmay_circle_x

Skill      XL: |  1  2  3  4  5  6  7  8 |
---------------+-------------------------+-----
Axes           | 2 3 4 5 |  5.6
Fighting       | 5 |  5.6
Shields        | 6 9 |  9.0
Armour         | |  3.2
Dodging        | |  0.5

Action                   |  1- 3 |  4- 6 |  7- 9 || total
-------------------------+-------+-------+-------++-------
Melee: War axe           |   107 |   100 |   171 ||   378
Throw: Boomerang         |       |       |     5 ||     5
  Use: Scroll            |     5 |     5 |     6 ||    16
Armor: Scale mail        |    59 |    45 |       ||   104
       Chain mail        |       |    11 |   130 ||   141
Dodge: Dodged            |    47 |    52 |    41 ||   140
Block: Buckler           |    33 |    15 |       ||    48
       Tower shield      |       |    13 |   161 ||   174

Table legend:
 A = Non-vault XP
 B = Vault XP
 C = Vault XP percentage of total XP
 D = Non-vault monster count
 E = Vault monster count
 F = Vault count percentage of total count
                 A         B        C        D         E       F
            +---------+---------+-------+---------+---------+-------
      Total |    1271 |     838 |  39.7 |      87 |      17 |  16.3
            +---------+---------+-------+---------+---------+-------
        D:1 |      67 |       0 |   0.0 |      29 |       0 |   0.0
        D:2 |      50 |      73 |  59.3 |      13 |       2 |  13.3
        D:3 |      75 |     295 |  79.7 |      13 |       3 |  18.8
        D:4 |     396 |       0 |   0.0 |      10 |       0 |   0.0
        D:5 |     515 |     164 |  24.2 |      17 |       7 |  29.2
        D:6 |     168 |     306 |  64.6 |       5 |       5 |  50.0
            +---------+---------+-------+---------+---------+-------
